 Dungeon Crawl Stone Soup version 0.31-a0-180-g519b7de00c (webtiles) character file.

Game seed: 13017407777203744095

584 qw the Shooter (level 7, -5/64 HPs)
             Began as a Naga Hunter on June 19, 2023.
             Slain by a lemure (7 damage)
             ... led by Pikel
             ... on level 4 of the Dungeon.
             The game lasted 00:01:21 (2793 turns).

qw the Shooter (Naga Hunter)                        Turns: 2793, Time: 00:01:21

Health: -5/64      AC:  5    Str: 14    XL:     7   Next: 37%
Magic:  7/7        EV: 11    Int:  9    God:
Gold:   139        SH:  5    Dex: 22    Spells: 6/6 levels left

rFire   . . .        Y - +0 shortbow
rCold   . . .        (shield currently unavailable)
rNeg    . . .        c - +0 leather armour
rPois   +            k - +1 helmet
rElec   .            (no cloak)
rCorr   .            (no gloves)
SInv    +            (no barding)
Will    .....        g - amulet of reflection
Stlth   ++           d - +6 ring of dexterity
HPRegen 0.30/turn    (no ring)
MPRegen 0.10/turn

%: reflection
@: short of breath, very slow
A: AC +2, large, see invisible, deformed body, poison resistance, slowness 2,
spit poison 1, naga tail 1
a: Spit Poison


You were on level 4 of the Dungeon.
You visited 1 branch of the dungeon, and saw 4 of its levels.

You collected 182 gold pieces.
You spent 43 gold pieces at shops.


Innate Abilities, Weirdness & Mutations

Your serpentine skin is tough. (AC +2)
You have supernaturally acute eyesight. (SInv)
Armour fits poorly on your strangely shaped body.
Your system is resistant to poisons. (rPois)
You cover ground very slowly.
You can spit poison.
You have a snake-like lower body.


   Skills:
 - Level 4.0 Fighting
 + Level 6.5 Ranged Weapons
 - Level 3.0 Dodging
 - Level 1.5 Stealth


You had 6 spell levels left.
You didn't know any spells.
Your spell library was empty.

Inventory:

Hand Weapons
 Y - a +0 shortbow (weapon)
Armour
 c - a +0 leather armour (worn)
 k - a +1 helmet (worn)
Jewellery
 a - an amulet of guardian spirit
 d - a +6 ring of dexterity (left hand)
 g - an amulet of reflection (around neck)
Scrolls
 i - 2 scrolls of identify
Potions
 b - a potion of lignification {unknown}
 f - a potion of invisibility {unknown}
 h - a potion of might {unknown}
 j - a potion of curing
 l - 2 potions of haste {unknown}
 n - a potion of magic {unknown}

Dungeon Overview and Level Annotations

Branches:
Dungeon (4/15)
 Temple: D:4-7

Altars:
Vehumet
Wu Jian

Shops:
D:2 *

Annotations:
D:4 Pikel


Message History

The lemure closely misses you. The lemure hits you but does no damage.
2785 ||| INVOKING Spit Poison.
Aiming: Spit Poison (1% risk of failure)
Press: ? - help, Shift-Dir - straight line, f/p - lemure The splash of poison hits the lemure!
The lemure is almost dead.
You block the lemure's attack. The lemure hits you but does no damage.
You shoot an arrow. The arrow hits the lemure!
You kill the lemure!
That felt strangely unrewarding.
The lemure misses you.
You shoot an arrow. The arrow hits the lemure.
The lemure is lightly wounded.
The lemure hits you but does no damage.
You shoot an arrow.
The arrow hits the lemure but does no damage.
The lemure is lightly wounded.
You have got your breath back.
Pikel, Merchant of Souls comes into view.
He is wielding a +0 whip of freezing.
The lemure closely misses you.
2789 ||| INVOKING Spit Poison.
Aiming: Spit Poison (1% risk of failure)
Press: ? - help, Shift-Dir - straight line, f/p - lemure The splash of poison hits the lemure.
The lemure is poisoned.
The lemure is moderately wounded.
You hear the quick hiss of a distant avalanche of sand.
The lemure completely misses you.
You shoot an arrow. The arrow completely misses the lemure.
Pikel shouts!
The lemure hits you.
You shoot an arrow. The arrow hits the lemure.
The lemure is moderately wounded.
The lemure hits you but does no damage. The lemure hits you.
You shoot an arrow. The arrow closely misses the lemure.
The arrow hits Pikel!
Pikel is moderately wounded.
The lemure barely misses you.
You shoot an arrow. The arrow hits the lemure!
The lemure is almost dead.
The lemure hits you!
You die...

.~.._¤.~.....##.###~~~~~~###....#
.¤.~~~.~....##...###~~~~###....##
¤~¤¤.¤.¤..........#######.......#
¤~~~~~¤~....####.................
....¤~....#..#...................
.~~¤¤¤.~..#..#...................
.¤¤.¤¤.¤.........#....#..........
.¤~~~¤¤¤..##....##....#..........
..¤....~¤.##....@.........#....##
~~¤~¤~¤~..##....5.........#.....#
.%.¤.. .......K.......).......#
.##... ..........%#....##.......
## ### .....%.......... #...)...
##.#>.#.........##.##...#
###..#....... .#~.~#..##
...##.....>. #~.~#..# . #~.~####


You could see Pikel and a lemure (poisoned).

Vanquished Creatures
  2 ogres
  3 lemures (D:4)
  A scorpion (D:4)
  An orc priest (D:3)
  A sleepcap (D:4)
  A hound (D:4)
  A gnoll bouda (D:3)
  Robin (D:2)
  5 gnolls (D:3)
  7 adders
  7 orcs
  3 ball pythons
  5 endoplasms
  12 giant cockroaches
  14 goblins
  17 hobgoblins
  5 jackals (D:1)
  3 quokkas
  9 bats
  7 frilled lizards
  9 kobolds
  5 rats
119 creatures vanquished.

Notes
Turn   | Place    | Note
-------+----------+-------------------------------------------
     0 | D:1      | qw the Naga Hunter began the quest for the Orb.
     0 | D:1      | Reached XP level 1. HP: 19/19 MP: 1/1
     0 | D:1      | 0 ||| qw: Version: 0.3-a-7-ge0c9b40
     0 | D:1      | 0 ||| qw: Game counter: 1072
     0 | D:1      | 0 ||| qw: Always use a shield: true
     0 | D:1      | 0 ||| qw: God list: Okawaru
     0 | D:1      | 0 ||| qw: Allow faded altars: false
     0 | D:1      | 0 ||| qw: Do Orc after D:15 true
     0 | D:1      | 0 ||| qw: Do second Lair branch before Depths: true
     0 | D:1      | 0 ||| qw: Lair rune preference: random
     0 | D:1      | 0 ||| qw: Plans: Normal
     0 | D:1      | 0 ||| PLANNING D:1-11
    28 | D:1      | 28 ||| INVOKING Spit Poison.
    77 | D:1      | 77 ||| INVOKING Spit Poison.
    81 | D:1      | 81 ||| INVOKING Spit Poison.
    82 | D:1      | 82 ||| INVOKING Spit Poison.
    83 | D:1      | Reached skill level 4 in Ranged Weapons
    83 | D:1      | Reached XP level 2. HP: 16/26 MP: 2/2
   138 | D:1      | 138 ||| INVOKING Spit Poison.
   143 | D:1      | 143 ||| INVOKING Spit Poison.
   148 | D:1      | 148 ||| INVOKING Spit Poison.
   185 | D:1      | 185 ||| INVOKING Spit Poison.
   208 | D:1      | 208 ||| INVOKING Spit Poison.
   212 | D:1      | 212 ||| INVOKING Spit Poison.
   213 | D:1      | 213 ||| INVOKING Spit Poison.
   217 | D:1      | 217 ||| INVOKING Spit Poison.
   257 | D:1      | 257 ||| INVOKING Spit Poison.
   262 | D:1      | 262 ||| INVOKING Spit Poison.
   324 | D:1      | Reached XP level 3. HP: 32/32 MP: 3/3
   361 | D:1      | 361 ||| INVOKING Spit Poison.
   370 | D:1      | 370 ||| INVOKING Spit Poison.
   376 | D:1      | 376 ||| INVOKING Spit Poison.
   397 | D:1      | 397 ||| INVOKING Spit Poison.
   400 | D:1      | 400 ||| INVOKING Spit Poison.
   404 | D:1      | 404 ||| INVOKING Spit Poison.
   488 | D:1      | 488 ||| INVOKING Spit Poison.
   493 | D:1      | 493 ||| INVOKING Spit Poison.
   499 | D:1      | 499 ||| INVOKING Spit Poison.
   716 | D:1      | 716 ||| INVOKING Spit Poison.
   786 | D:1      | 786 ||| UPGRADING to +6 ring of dexterity.
   787 | D:1      | 787 ||| READING scroll labelled YHOCELAITOZ.
   792 | D:1      | 792 ||| READING scroll labelled QEYCVO BUNATZ.
   793 | D:1      | 793 ||| READING scroll labelled UNNILE DUSUSMUB.
   794 | D:1      | 794 ||| DROPPING scroll of butterflies.
   836 | D:2      | 836 ||| INVOKING Spit Poison.
   850 | D:2      | 850 ||| INVOKING Spit Poison.
   856 | D:2      | 856 ||| INVOKING Spit Poison.
   895 | D:2      | 895 ||| INVOKING Spit Poison.
   900 | D:2      | Reached skill level 5 in Ranged Weapons
   900 | D:2      | Reached XP level 4. HP: 39/39 MP: 4/4
   901 | D:2      | 901 ||| INVOKING Spit Poison.
   910 | D:2      | 910 ||| INVOKING Spit Poison.
   915 | D:2      | 915 ||| INVOKING Spit Poison.
  1041 | D:2      | 1041 ||| INVOKING Spit Poison.
  1044 | D:2      | 1044 ||| INVOKING Spit Poison.
  1106 | D:2      | 1106 ||| INVOKING Spit Poison.
  1109 | D:2      | 1109 ||| INVOKING Spit Poison.
  1138 | D:2      | 1138 ||| INVOKING Spit Poison.
  1161 | D:2      | 1161 ||| INVOKING Spit Poison.
  1265 | D:2      | 1265 ||| INVOKING Spit Poison.
  1298 | D:2      | 1298 ||| INVOKING Spit Poison.
  1325 | D:2      | Found Lus Mayp's Assorted Antiques.
  1328 | D:2      | 1328 ||| BUYING 2 emerald potions (43 gold).
  1328 | D:2      | Bought 2 emerald potions for 43 gold pieces
  1328 | D:2      | 1328 ||| SHOPLISTING brown potion (21 gold, have 4).
  1328 | D:2      | 1328 ||| SHOPLISTING coppery potion (21 gold, have 4).
  1328 | D:2      | 1328 ||| SHOPLISTING metallic sapphire potion (21 gold,
                  | have 4).
  1328 | D:2      | 1328 ||| SHOPLISTING opalescent robe (136 gold, have 4).
  1328 | D:2      | 1328 ||| SHOPLISTING scroll labelled OLLEOSCH UHOH (24
                  | gold, have 4).
  1361 | D:2      | 1361 ||| INVOKING Spit Poison.
  1403 | D:2      | 1403 ||| INVOKING Spit Poison.
  1407 | D:2      | Noticed Robin
  1408 | D:2      | 1408 ||| INVOKING Spit Poison.
  1414 | D:2      | Killed Robin
  1415 | D:2      | Reached skill level 3 in Fighting
  1415 | D:2      | 1415 ||| INVOKING Spit Poison.
  1418 | D:2      | 1418 ||| INVOKING Spit Poison.
  1422 | D:2      | 1422 ||| INVOKING Spit Poison.
  1425 | D:2      | Reached XP level 5. HP: 40/49 MP: 5/5
  1428 | D:2      | 1428 ||| INVOKING Spit Poison.
  1554 | D:2      | 1554 ||| INVOKING Spit Poison.
  1609 | D:2      | 1609 ||| UPGRADING to +1 helmet.
  1614 | D:2      | 1614 ||| UPGRADING to amulet of reflection.
  1619 | D:2      | 1619 ||| READING scroll labelled SEESTR NUSSIUL.
  1620 | D:2      | 1620 ||| READING scroll labelled EBAMAKH KEROD.
  1621 | D:2      | 1621 ||| READING scroll labelled MUYVVIEH HUMAI.
  1622 | D:2      | 1622 ||| DRINKING 2 emerald potions.
  1660 | D:3      | Noticed an ogre
  1662 | D:3      | 1662 ||| INVOKING Spit Poison.
  1665 | D:3      | 1665 ||| INVOKING Spit Poison.
  1667 | D:3      | Killed an ogre
  1668 | D:3      | Reached skill level 3 in Dodging
  1729 | D:3      | 1729 ||| INVOKING Spit Poison.
  1766 | D:3      | 1766 ||| INVOKING Spit Poison.
  1790 | D:3      | 1790 ||| INVOKING Spit Poison.
  1863 | D:3      | 1863 ||| INVOKING Spit Poison.
  1879 | D:3      | 1879 ||| INVOKING Spit Poison.
  1885 | D:3      | 1885 ||| INVOKING Spit Poison.
  1886 | D:3      | Reached XP level 6. HP: 46/56 MP: 6/6
  1898 | D:3      | 1898 ||| INVOKING Spit Poison.
  1914 | D:3      | 1914 ||| INVOKING Spit Poison.
  1932 | D:3      | 1932 ||| INVOKING Spit Poison.
  1935 | D:3      | 1935 ||| INVOKING Spit Poison.
  1939 | D:3      | 1939 ||| INVOKING Spit Poison.
  2081 | D:3      | 2081 ||| INVOKING Spit Poison.
  2098 | D:3      | 2098 ||| INVOKING Spit Poison.
  2163 | D:3      | 2163 ||| Stepping ~*~*~tactically~*~*~ (outnumbered).
  2164 | D:3      | 2164 ||| INVOKING Spit Poison.
  2170 | D:3      | 2170 ||| INVOKING Spit Poison.
  2175 | D:3      | 2175 ||| INVOKING Spit Poison.
  2180 | D:3      | 2180 ||| INVOKING Spit Poison.
  2184 | D:3      | 2184 ||| INVOKING Spit Poison.
  2187 | D:3      | HP: 13/56 [gnoll/+0 club[a gnoll bouda] (5)]
  2190 | D:3      | 2190 ||| INVOKING Spit Poison.
  2193 | D:3      | Reached skill level 6 in Ranged Weapons
  2422 | D:3      | 2422 ||| READING scroll labelled YMAXOIQ NEATSA.
  2423 | D:3      | 2423 ||| READING scroll labelled OLLEOSCH UHOH.
  2424 | D:3      | 2424 ||| DRINKING 2 red potions.
  2425 | D:3      | 2425 ||| READING 2 scrolls of identify.
  2425 | D:3      | 2425 ||| IDENTIFYING brown potion
  2426 | D:3      | 2426 ||| DROPPING potion of attraction.
  2448 | D:4      | 2448 ||| PLANNING OSSUARY
  2448 | D:4      | 2448 ||| INVOKING Spit Poison.
  2454 | D:4      | 2454 ||| INVOKING Spit Poison.
  2457 | D:4      | 2457 ||| INVOKING Spit Poison.
  2534 | D:4      | 2534 ||| INVOKING Spit Poison.
  2539 | D:4      | 2539 ||| INVOKING Spit Poison.
  2541 | D:4      | HP: 6/56 [ogre/+0 giant club (22)]
  2542 | D:4      | 2542 ||| READING scroll of teleportation.
  2543 | D:4      | 2543 ||| DRINKING potion of heal wounds.
  2544 | D:4      | Reached XP level 7. HP: 31/64 MP: 7/7
  2656 | D:4      | Found a radiant altar of Vehumet.
  2659 | D:4      | Found an ornate altar of the Wu Jian Council.
  2661 | D:4      | 2661 ||| INVOKING Spit Poison.
  2722 | D:4      | 2722 ||| INVOKING Spit Poison.
  2725 | D:4      | 2725 ||| INVOKING Spit Poison.
  2758 | D:4      | 2758 ||| INVOKING Spit Poison.
  2765 | D:4      | 2765 ||| INVOKING Spit Poison.
  2770 | D:4      | 2770 ||| INVOKING Spit Poison.
  2776 | D:4      | 2776 ||| INVOKING Spit Poison.
  2779 | D:4      | 2779 ||| INVOKING Spit Poison.
  2779 | D:4      | HP: 15/64 [lemure[Pikel] (2)]
  2782 | D:4      | 2782 ||| INVOKING Spit Poison.
  2783 | D:4      | HP: 6/64 [lemure[Pikel] (8)]
  2785 | D:4      | 2785 ||| INVOKING Spit Poison.
  2788 | D:4      | Noticed Pikel
  2789 | D:4      | 2789 ||| INVOKING Spit Poison.
  2790 | D:4      | HP: 2/64 [lemure[Pikel] (5)]
  2793 | D:4      | Slain by a lemure

Levels and vault maps discovered:
D:1:      lightli_arrival_statue_moat, layout_loops_ring,
          grunt_decor_mini_mirrors, minivault_24
D:2:      layout_loops_cross, serial_shops, nicolae_shop_tiny_real_fake_doors,
          uniq_robin
D:3:      layout_loops_cross
D:4:      cheibrodos_helix_gallery, layout_cave_pools,
          mainiacjoe_overflow_catwalk_spiral, serial_column_ruins,
          column_ruins_hut, column_ruins_grid_3, column_ruins_open_tiny,
          column_ruins_open_small, column_ruins_open_tiny, enter_ossuary_5,
          amcnicky_mini_rare_corridor_liquid, minmay_misc_feat_ornament,
          uniq_pikel

Skill      XL: |  1  2  3  4  5  6 |
---------------+-------------------+-----
Ranged Weapons | 4 5 6 |  6.5
Fighting       | 3 4 |  4.0
Dodging        | 3 |  3.0
Stealth        | |  1.5

Action                     |  1- 3 |  4- 6 |  7- 9 || total
---------------------------+-------+-------+-------++-------
   Fire: Shortbow          |    73 |   132 |    43 ||   248
Ability: Spit Poison       |    26 |    45 |    11 ||    82
    Use: Scroll            |     3 |     7 |       ||    10
         Potion            |       |     3 |       ||     3
 Armour: Leather armour    |     9 |    11 |    15 ||    35
  Dodge: Dodged            |    21 |    28 |    17 ||    66
  Block: Other             |       |     8 |     2 ||    10

Table legend:
 A = Non-vault XP
 B = Vault XP
 C = Vault XP percentage of total XP
 D = Non-vault monster count
 E = Vault monster count
 F = Vault count percentage of total count
                 A         B        C        D         E       F
            +---------+---------+-------+---------+---------+-------
      Total |     792 |      43 |   5.1 |     101 |      15 |  12.9
            +---------+---------+-------+---------+---------+-------
        D:1 |      64 |       0 |   0.0 |      36 |       0 |   0.0
        D:2 |      70 |      38 |  35.2 |      27 |      13 |  32.5
        D:3 |     325 |       0 |   0.0 |      26 |       0 |   0.0
        D:4 |     333 |       5 |   1.5 |      12 |       2 |  14.3
            +---------+---------+-------+---------+---------+-------
